 Dungeon Crawl Stone Soup version 0.31.0-9-g3a7656b989 (console) character file.

Game seed: 8003386966303717019

3833 AlterAsc the Unseen (level 9, -2/45 HPs)
             Began as a Vampire Enchanter on Jan 29, 2024.
             Was a Follower of Wu Jian.
             Slain by a skeletal warrior
             ... wielding a +1 war axe of distortion
              (10 damage)
             ... on level 9 of the Dungeon.
             The game lasted 00:20:48 (6895 turns).

AlterAsc the Unseen (Vampire Enchanter)             Turns: 6895, Time: 00:20:49

Health: -2/45      AC:  7    Str:  7    XL:     9   Next: 98%
Magic:  11/13      EV: 11    Int: 21    God:    Wu Jian [*.....]
Gold:   489        SH:  9    Dex: 15    Spells: 6/14 levels left

rFire   . . .        a - +1 dagger
rCold   + + .        o - +0 buckler
rNeg    + + +        b - +0 robe
rPois   ∞            r - +1 helmet
rElec   .            p - +0 cloak
rCorr   .            w - +0 pair of gloves
SInv    +            e - +0 pair of boots
Will    .....        l - amulet of reflection
Stlth   ++++++++     d - ring of flight
HPRegen 0.00/turn    (no ring)
MPRegen 0.13/turn

%: reflection
@: flying, bloodless, inhibited regen
A: bloodless, fangs 3, see invisible, vampiric 2
a: Bat Form, Revivify, Renounce Religion


You were on level 9 of the Dungeon.
You worshipped Wu Jian.
Wu Jian was aware of your devotion.
You visited 1 branch of the dungeon, and saw 9 of its levels.

You collected 489 gold pieces.

Inventory:

Hand Weapons
 a - a +1 dagger (weapon)
 C - a +4 short sword of freezing
Armour
 b - a +0 robe (worn)
 e - a +0 pair of boots (worn)
 o - a +0 buckler (worn)
 p - a +0 cloak (worn)
 r - a +1 helmet (worn)
 w - a +0 pair of gloves (worn)
Jewellery
 d - a ring of flight (left hand)
 l - an amulet of reflection (around neck)
 y - a +6 ring of strength
Wands
 s - a wand of flame (16)
Scrolls
 f - a scroll of acquirement {unknown}
 g - 4 scrolls of teleportation
 h - 2 scrolls of noise
 v - a scroll of revelation {unknown}
 x - a scroll of poison {unknown}
 A - 2 scrolls of vulnerability {unknown}
 B - a scroll of enchant armour {unknown}
 D - a scroll of immolation {unknown}
 E - a scroll of enchant weapon {unknown}
 F - 2 scrolls of amnesia {unknown}
Potions
 i - 7 potions of curing
 j - 4 potions of attraction
 k - a potion of degeneration
 m - a potion of lignification {unknown}
 n - a potion of brilliance {unknown}
 q - 7 potions of mutation
 t - a potion of heal wounds {unknown}
 u - a potion of ambrosia {unknown}
 z - 2 potions of cancellation {unknown}


   Skills:
 - Level 1.1 Short Blades
 - Level 2.1 Dodging
 + Level 15.6 Stealth
 - Level 3.0 Spellcasting
 + Level 14.6 Hexes
 - Level 1.0 Ice Magic


You had 6 spell levels left.
You knew the following spells:

 Your Spells              Type           Power      Damage    Failure   Level
a - Ensorcelled Hibernat  Hex/Ice        70%        N/A       1%          2
b - Confusing Touch       Hex            59%        N/A       1%          3
c - Tukima's Dance        Hex            59%        N/A       1%          3

Your spell library contained the following spells:

 Spells                   Type           Power      Damage    Failure   Level
 Dazzling Flash           Conj/Hex       66%        N/A       3%          3
 Scorch                   Fire           6%         2d5       32%         2
 Hailstorm                Conj/Ice       5%         3d5       47%         3
 Summon Ice Beast         Ice/Summ       5%         N/A       47%         3
 Passwall                 Erth           3%         N/A       54%         3
 Swiftness                Air            3%         N/A       54%         3
 Volatile Blastmotes      Fire/Tloc      6%         2d10      54%         3
 Brom's Barrelling Bould  Conj/Erth      3%         2d3       91%         4
 Flame Wave               Conj/Fire      3%         2d5       91%         4
 Fireball                 Conj/Fire      1%         3d3       99%         5
 Iskenderun's Battlesphe  Conj           3%         2d6       99%         5
 Conjure Ball Lightning   Conj/Air       1%         3x3d6     100%        6
 Sculpt Simulacrum        Ice/Alch       2%         N/A       100%        6
 Starburst                Conj/Fire      1%         6d3       100%        6
 Summon Cactus Giant      Summ           1%         N/A       100%        6
 Orb of Destruction       Conj           1%         9d5       100%        7
 Maxwell's Capacitive Co  Air            1%         ∞         100%        8


Dungeon Overview and Level Annotations

Branches:
Dungeon (10/15)
 Temple: D:4-7         Lair: D:8-11         Orc: D:9-12

Altars:
Ashenzari
Cheibriados
Dithmenos
Gozag
Hepliaklqana
Kikubaaqudgha
Makhleb
Nemelex Xobeh
Okawaru
Vehumet
Wu Jian
Xom

Shops:
D:4 =   D:5 *


Innate Abilities, Weirdness & Mutations

You do not regenerate when monsters are visible.
You are frail without blood (-20% HP).
You can heal yourself when you bite living creatures.
You are immune to poison.
You have razor-sharp teeth.
You have supernaturally acute eyesight. (SInv)
You are afflicted with vampirism and can become a bat while bloodless.


Message History

You catch the helpless yak completely off-guard!
You bite the yak, and draw its blood! You impale the yak!!
You kill the yak!
The Council accepts your kill. The yak gores you!
The shadow closely misses you.
You catch the helpless yak completely off-guard!
You bite the yak, and draw its blood!
You feel better.
You impale the yak!!
You kill the yak!
The Council accepts your kill. You block the shadow's attack.
Casting: Ensorcelled Hibernation (safe; 1% risk of failure)
Confirm with . or Enter, or press ? or * to list all spells.
Your hands begin to glow red.
The shadow hits you!
You hit the shadow but do no damage.
The shadow appears confused.
You spin and attack the shadow.
You strike the helpless shadow from behind!
You puncture the shadow! You bite the shadow.
The shadow is severely damaged.
The shadow hits you!
You catch the helpless shadow completely off-guard!
You impale the shadow!!
You destroy the shadow!
The Council accepts your kill.
You see here a yak corpse.
Things that are here:
a +0 dagger; a +0 robe; a yak corpse You flicker for a moment.
A skeletal warrior comes into view.
It is wielding a +1 war axe of distortion.
You flicker back into view.
You see here a +0 pair of gloves.
A skeletal warrior comes into view. It is wielding a +0 dire flail.
Things that are here:
a +0 dagger; a +0 leather armour; an orc corpse You barely miss the skeletal warrior.
You bite the skeletal warrior, but do no damage.
The skeletal warrior hits you with a +1 war axe of distortion!!
* * * LOW HITPOINT WARNING * * *
You blink.
The skeletal warrior hits you with a +1 war axe of distortion!
You die...

.....## ..##
.......#...##
............#
............###
##.............#
#.............z#
##.............#
#.......@..##
........z#..#
........§>.###.#
........)....#.##
.........)......#
....#...........#
...##...[.#......
## #...........#
#..........$#
##...........#
#....#.......#


You could see 2 skeletal warriors.

Vanquished Creatures
  A hornet (D:6)
  A shadow (D:9)
  3 yaks (D:9)
  A water moccasin (D:6)
  2 orc warriors
  5 ice beasts
  3 black bears
  A centaur (D:6)
  A phantom (D:7)
  A kobold brigand (D:6)
  Blork the orc (D:4)
  2 bullfrogs (D:5)
  5 scorpions
  4 wights (D:7)
  A howler monkey (D:7)
  2 bombardier beetles (D:4)
  4 orc priests (D:4)
  4 jellies
  7 hounds
  Crazy Yiuf (D:3)
  A sleepcap (D:7)
  3 iguanas (D:6)
  6 orc wizards
  Robin (D:4)
  10 adders
  3 gnolls (D:4)
  2 shadow imps
  2 white imps
  4 ufetubi
  5 dart slugs
  A ribbon worm (D:4)
  18 orcs
  3 bats
  2 endoplasms
  6 giant cockroaches
  9 hobgoblins
  5 jackals
  11 kobolds
  4 quokkas
  2 ball pythons
  3 frilled lizards
  16 goblins
  7 rats
174 creatures vanquished.

Vanquished Creatures (others)
  A black bear (D:6)
  An ogre (D:6)
  A gnoll sergeant (D:6)
  An orc (D:6)
4 creatures vanquished.

Grand Total: 178 creatures vanquished

Notes
Turn   | Place    | Note
-------+----------+-------------------------------------------
     0 | D:1      | AlterAsc the Vampire Enchanter began the quest for the Orb.
     0 | D:1      | Reached XP level 1. HP: 13/13 MP: 3/3
   163 | D:1      | Reached XP level 2. HP: 15/15 MP: 5/5
   166 | D:1      | Reached skill level 5 in Stealth
   173 | D:1      | Learned a level 2 spell: Ensorcelled Hibernation
   465 | D:1      | Reached skill level 5 in Hexes
   521 | D:1      | Found a faded altar of an unknown god.
  1172 | D:2      | Gained mutation: You are afflicted with vampirism and can
                  | become a bat while bloodless. [Vampire growth]
  1172 | D:2      | Reached XP level 3. HP: 19/19 MP: 6/6
  1934 | D:2      | Reached XP level 4. HP: 24/24 MP: 2/7
  1989 | D:3      | Found a shadowy altar of Dithmenos.
  2123 | D:3      | Reached skill level 1 in Ice Magic
  2172 | D:3      | Found an opulent altar of Gozag.
  2215 | D:3      | Reached skill level 6 in Stealth
  2352 | D:3      | Found a hazy altar of Hepliaklqana.
  2580 | D:3      | Found a runed translucent door.
  2581 | D:3      | Noticed Crazy Yiuf
  2927 | D:3      | Killed Crazy Yiuf
  3082 | D:4      | Reached XP level 5. HP: 28/28 MP: 7/9
  3236 | D:4      | Reached skill level 7 in Stealth
  3241 | D:4      | Reached XP level 6. HP: 32/32 MP: 3/10
  3353 | D:4      | Found a snail-covered altar of Cheibriados.
  3456 | D:4      | Noticed Robin
  3484 | D:4      | Killed Robin
  3492 | D:4      | Reached skill level 8 in Stealth
  3535 | D:4      | Learned a level 3 spell: Confusing Touch
  3539 | D:4      | Learned a level 3 spell: Tukima's Dance
  3770 | D:4      | Noticed Blork the orc
  3772 | D:4      | Reached skill level 9 in Stealth
  3772 | D:4      | Reached XP level 7. HP: 33/36 MP: 8/11
  3782 | D:4      | Killed Blork the orc
  4120 | D:4      | Reached skill level 10 in Stealth
  4456 | D:4      | Found Dunu's Jewellery Shoppe.
  4596 | D:5      | Entered Level 5 of the Dungeon
  4624 | D:5      | Found Ygurigakh's Mass Market.
  4731 | D:5      | Reached skill level 10 in Hexes
  4731 | D:5      | Reached XP level 8. HP: 41/41 MP: 9/12
  4836 | D:5      | Found a sparkling altar of Nemelex Xobeh.
  4935 | D:5      | Found an ancient bone altar of Kikubaaqudgha.
  4936 | D:5      | Found an ornate altar of the Wu Jian Council.
  4958 | D:5      | Reached skill level 11 in Stealth
  5293 | D:6      | Found a shimmering altar of Xom.
  5314 | D:5      | Reached skill level 12 in Stealth
  5654 | D:6      | Noticed a hornet
  5665 | D:6      | Killed a hornet
  5666 | D:6      | Reached skill level 13 in Stealth
  5666 | D:6      | Reached XP level 9. HP: 45/45 MP: 4/13
  6106 | D:6      | Found an iron altar of Okawaru.
  6285 | D:5      | Became a worshipper of the Wu Jian Council
  6339 | D:7      | Found a radiant altar of Vehumet.
  6339 | D:7      | Found a burning altar of Makhleb.
  6339 | D:7      | Found a broken altar of Ashenzari.
  6369 | D:7      | Reached skill level 14 in Stealth
  6841 | D:7      | You are sucked into a shaft and drop 3 floors!
  6841 | D:10     | Entered Level 10 of the Dungeon
  6867 | D:9      | Reached * piety under Wu Jian
  6874 | D:9      | Reached skill level 15 in Stealth
  6888 | D:9      | Noticed a skeletal warrior
  6892 | D:9      | Noticed a skeletal warrior
  6895 | D:9      | Slain by a skeletal warrior

Illustrated notes

Levels and vault maps discovered:
D:1:      lemuel_arrival_room, layout_basic, basic_ecumenical_altar,
          kennysheep_small_spiral, minmay_misc_feat_room,
          chequers_serial_rivers_marsh
D:2:      layout_loops_ring, serial_aquarium, aquarium_bridge_island_small
          [aquarium_subvault_small_open, aquarium_subvault_balcony,
          aquarium_subvault_bridge, aquarium_subvault_window,
          aquarium_subvault_bridge], aquarium_window_2, aquarium_window_1,
          aquarium_window_1, aquarium_view_2e, aquarium_balcony_1a,
          kennysheep_potato
D:3:      layout_loops_ring, mainiacjoe_overflow_boulevard, old_standard_altar,
          grunt_gozag_statues, uniq_crazy_yiuf_cottage
D:4:      layout_loops_ring, kennysheep_slug_shrine, serial_shops, shop,
          minmay_pentangle, uniq_robin, uniq_blork_the_orc
D:5:      layout_basic, jmf_multi_god_temple, lemuel_crystal_altar,
          minmay_shop_mass
D:6:      layout_rooms, okawaru_trees_1, xom_confusion_cloud
D:7:      layout_rooms, zin_statuary,
          chequers_temple_overflow_statue_of_worship,
          minmay_temple_entry_poolview
D:9:      layout_cave_pools
D:10:     layout_basic, mainiacjoe_overflow_alcove_2, david_lair_generic,
          orc_0_dummy, interstate_on_off, uniq_nergalle

Skill      XL: |  1  2  3  4  5  6  7  8  9 |
---------------+----------------------------+-----
Stealth        | 5 6 7 9 10 13 15 | 15.6
Hexes          | 5 6 7 8 10 12 14 | 14.6
Ice Magic      | 1 |  1.0
Spellcasting   | 3 |  3.0
Short Blades   | |  1.1
Dodging        | |  2.1

Action                     |  1- 3 |  4- 6 |  7- 9 || total
---------------------------+-------+-------+-------++-------
  Melee: Dagger            |    65 |   111 |   219 ||   395
         Bite              |     3 |     9 |    29 ||    41
   Cast: Ensorcelled Hiber |    17 |    44 |    44 ||   105
         Confusing Touch   |       |     1 |    16 ||    17
Ability: Exsanguinate      |     1 |       |       ||     1
         Lunge             |       |       |    18 ||    18
         Whirlwind         |       |       |     5 ||     5
    Use: Potion            |       |       |     2 ||     2
         Scroll            |       |       |     7 ||     7
   Stab: Sleeping          |    28 |    42 |    54 ||   124
         Confused          |       |     1 |    13 ||    14
         Invisible         |       |       |     8 ||     8
         Distracted        |       |       |     1 ||     1
 Armour: Robe              |    39 |    42 |   152 ||   233
  Dodge: Dodged            |    24 |    42 |   120 ||   186
  Block: Other             |     3 |     2 |       ||     5
         Buckler           |       |    43 |   138 ||   181
         Reflection        |       |     2 |     2 ||     4
